 Dungeon Crawl Stone Soup version 0.25-a0-890-g62861fb195 (webtiles) character file.

Game seed: 4209916063887446564, levelgen mode: deterministic

637 Hasart the Insei (level 7, -2/46 HPs)
             Began as an Octopode Transmuter on May 2, 2020.
             Slain by an orc priest
             ... wielding a cursed -2 hand axe
              (4 damage)
             ... on level 4 of the Dungeon.
             The game lasted 00:06:35 (3822 turns).

Hasart the Insei (Octopode Transmuter)              Turns: 3822, Time: 00:06:36

Health: -2/46      AC:  1    Str: 10    XL:     7   Next: 50%
Magic:  5/10       EV: 15    Int: 16    God:
Gold:   131        SH:  0    Dex: 13    Spells: 4/10 levels left

rFire    . . .     SeeInvis .     - Unarmed
rCold    . . .     Gourm    .   (no shield)
rNeg     . . .     Faith    .   (helmet restricted)
rPois    .         Spirit   .   (no amulet)
rElec    .         Reflect  .   (no ring)
rCorr    .         Harm     .   (no ring)
MR       .....                  (no ring)
Stlth    ++........             (no ring)
HPRegen  0.15/turn              (no ring)
MPRegen  0.12/turn              (no ring)
                                (no ring)
                                (no ring)

@: appendage
A: almost no armour, stealthy swim, amphibious, 8 rings, constrict 8, tentacle
spike 3, camouflage 1, gelatinous body 1
a: End Transformation


You were on level 4 of the Dungeon.
You were hungry.
One of your tentacles had a temporary spike.
You visited 1 branch of the dungeon, and saw 4 of its levels.

You collected 131 gold pieces.

Inventory:

Missiles
 a - 21 arrows
Jewellery
 r - an uncursed ring of ice
 t - a +2 ring of intelligence {unknown}
Scrolls
 b - 7 scrolls of identify {unknown}
 d - a scroll of random uselessness {unknown}
 e - 2 scrolls of blinking {unknown}
 f - a scroll of magic mapping {unknown}
 i - a scroll of teleportation {unknown}
 j - a scroll of enchant armour {unknown}
 m - 2 scrolls of noise {unknown}
 s - a scroll of enchant weapon {unknown}
Potions
 g - 3 potions of brilliance {unknown}
 h - 2 potions of heal wounds {unknown}
 k - 2 potions of lignification {unknown}
 l - 2 potions of curing {unknown}
 n - a potion of ambrosia {unknown}
 o - a potion of haste {unknown}
 p - a potion of flight {unknown}
 q - a potion of resistance {unknown}
 u - 2 potions of might {unknown}
Comestibles
 c - 6 rations
 v - 4 chunks of flesh


   Skills:
 + Level 3.5 Fighting
 + Level 4.0 Dodging
 * Level 5.9 Unarmed Combat
 - Level 2.0 Spellcasting
 + Level 2.9 Transmutations
 + Level 2.3 Poison Magic


You had 4 spell levels left.
You knew the following spells:

 Your Spells              Type           Power        Failure   Level  Hunger
a - Beastly Appendage     Tmut           ##....       6%          1    #......
b - Sticks to Snakes      Tmut           ##......     10%         2    ###....
c - Spider Form           Tmut/Pois      #.........   22%         3    ###....

Your spell library contained the following spells:

 Spells                   Type           Power        Failure   Level  Hunger
 Ice Form                 Ice/Tmut       #.......     75%         4    #####..
 Blade Hands              Tmut           ##........   87%         5    ######.


Dungeon Overview and Level Annotations

Branches:
Dungeon (4/15)
 Temple: D:4-7

Altars:
Fedhas
Ru


Innate Abilities, Weirdness & Mutations

You cannot wear most types of armour.
You are very stealthy in the water. (Stealth+)
You are amphibious.
You can wear up to eight rings at the same time.
You can use your tentacles to constrict eight enemies at once.
Your skin changes colour to match your surroundings (Stealth+).
Your rubbery body absorbs attacks. (AC +1, EV +1)
One of your tentacles bears a large vicious spike.


Message History

The orc priest is severely wounded.
You constrict the orc priest.
The orc priest hits you with a cursed -2 hand axe.
* * * LOW HITPOINT WARNING * * *
The orc priest misses you.
Unknown command.
You tentacle-slap the orc priest.
The orc priest is almost dead.
You constrict the orc priest.
You kill the orc priest!
The orc priest hits you with a cursed -2 hand axe.
* * * LOW HITPOINT WARNING * * *
Unknown command.
You tentacle-slap the orc priest. You grab the orc priest.
You pierce the orc priest, but do no damage.
You squeeze the orc priest!
The orc priest is heavily wounded.
You constrict the orc priest, but do no damage.
The orc priest hits you with a cursed -2 hand axe.
You die...

#.# #.#
#.# #.#
#.# #.#
#.# #.#
#@## #####
#)o#
..o.%.##)#
.....o...#
..S...####
..... ####


You could see an orc priest.

Vanquished Creatures
  Grinder (D:3)
  2 hounds
  An orc wizard (D:4)
  An orc priest (D:4)
  2 worker ants (D:4)
  8 adders
  A worm (D:2)
  A dart slug (D:2)
  5 orcs
  7 bats
  3 giant cockroaches
  5 goblins
  4 hobgoblins
  2 jackals (D:4)
  8 kobolds
  3 quokkas
  3 frilled lizards
  3 rats
60 creatures vanquished.

Vanquished Creatures (collateral kills)
  Sigmund (D:2)
  A goblin (D:2)
2 creatures vanquished.

Grand Total: 62 creatures vanquished

Notes
Turn   | Place    | Note
-------+----------+-------------------------------------------
     0 | D:1      | Hasart the Octopode Transmuter began the quest for the Orb.
     0 | D:1      | Reached XP level 1. HP: 13/13 MP: 3/3
   590 | D:1      | Reached XP level 2. HP: 18/18 MP: 5/5
   801 | D:2      | Reached XP level 3. HP: 5/24 MP: 3/6
  1208 | D:2      | Noticed Sigmund
  1214 | D:2      | Learned a level 2 spell: Sticks to Snakes
  1230 | D:2      | Killed Sigmund
  1230 | D:2      | Reached skill level 4 in Unarmed Combat
  1230 | D:2      | Reached XP level 4. HP: 3/30 MP: 0/7
  1230 | D:2      | Reached XP level 5. HP: 4/35 MP: 0/8
  1513 | D:2      | Learned a level 3 spell: Spider Form
  1616 | D:2      | Reached skill level 5 in Unarmed Combat
  1660 | D:2      | Reached XP level 6. HP: 31/41 MP: 9/9
  2246 | D:2      | Found a sacrificial altar of Ru.
  2246 | D:2      | Found a blossoming altar of Fedhas.
  3023 | D:3      | Noticed Grinder
  3040 | D:3      | Killed Grinder
  3040 | D:3      | Reached skill level 1 in Poison Magic
  3040 | D:3      | Reached XP level 7. HP: 12/46 MP: 3/10
  3821 | D:4      | HP: 2/46 [orc priest/cursed -2 hand axe (5)]
  3822 | D:4      | Slain by an orc priest

Levels and vault maps discovered:
D:1:      dpeg_arrival_tiny_d, layout_loops_ring
D:2:      layout_basic, gammafunk_temple_overflow_pools, first_ration,
          minmay_tromino_v2, uniq_sigmund
D:3:      layout_loops_corners, uniq_grinder
D:4:      layout_rooms

Skill      XL: |  1  2  3  4  5  6  7 |
---------------+----------------------+-----
Fighting       | 2 3 |  3.5
Dodging        | 3 4 |  4.0
Unarmed Combat | 4 5 |  5.9
Poison Magic   | 1 2 |  2.3
Spellcasting   | |  2.0
Transmutations | |  2.9

Action                   |  1- 3 |  4- 6 |  7- 9 || total
-------------------------+-------+-------+-------++-------
Melee: Unarmed           |    43 |    75 |    50 ||   168
       Constrict         |    11 |    20 |    13 ||    44
       Tentacles         |     7 |    12 |     9 ||    28
       Kick              |     4 |     4 |     5 ||    13
       Punch             |       |     3 |     3 ||     6
 Cast: Beastly Appendage |     3 |     4 |     3 ||    10
       Sticks to Snakes  |     3 |     3 |     4 ||    10
  Use: Scroll            |       |     2 |       ||     2
 Stab: Sleeping          |     3 |     6 |     2 ||    11
       Distracted        |       |       |     1 ||     1
  Eat: Chunk             |     1 |     6 |     2 ||     9
Armor: Skin              |     6 |    11 |     1 ||    18
Dodge: Dodged            |    31 |    43 |    33 ||   107

Table legend:
 A = Non-vault XP
 B = Vault XP
 C = Vault XP percentage of total XP
 D = Non-vault monster count
 E = Vault monster count
 F = Vault count percentage of total count
                 A         B        C        D         E       F
            +---------+---------+-------+---------+---------+-------
      Total |     415 |     496 |  54.4 |      58 |       4 |   6.5
            +---------+---------+-------+---------+---------+-------
        D:1 |      13 |       0 |   0.0 |       8 |       0 |   0.0
        D:2 |     126 |     230 |  64.6 |      20 |       3 |  13.0
        D:3 |      43 |     266 |  86.1 |      16 |       1 |   5.9
        D:4 |     233 |       0 |   0.0 |      14 |       0 |   0.0
            +---------+---------+-------+---------+---------+-------
